 Dungeon Crawl Stone Soup version 0.21.1-1-g345015f (webtiles) character file.

80 sking99 the Gusty (level 4, -5/24 HPs)
             Began as a Tengu Air Elementalist on June 23, 2018.
             Was an Initiate of Ashenzari.
             Slain by a worm (10 damage)
             ... on level 2 of the Dungeon.
             The game lasted 00:10:58 (2803 turns).

sking99 the Gusty (Tengu Air Elementalist)          Turns: 2803, Time: 00:10:59

Health: -5/24      AC:  2    Str:  9    XL:     4   Next: 39%
Magic:  0/9        EV: 12    Int: 16    God:    Ashenzari [......]
Gold:   75         SH:  0    Dex: 14    Spells: 2/8 levels left

rFire    . . .     SeeInvis .   g - +0 dagger (speed)
rCold    . . .     Gourm    .   (no shield)
rNeg     . . .     Faith    .   a - +0 robe (curse)
rPois    .         Spirit   .   (helmet restricted)
rElec    .         Reflect  .   (no cloak)
rCorr    +         Harm     .   (no gloves)
MR       .....                  (boots unavailable)
Stlth    ++........             (no amulet)
HPRegen  0.08/turn              m - ring of resist corrosion
MPRegen  0.11/turn              (no ring)

@: very slightly contaminated
A: beak, talons 3
a: Curse Item, Renounce Religion


You were on level 2 of the Dungeon.
You worshipped Ashenzari.
Ashenzari was noncommittal.
You were hungry.

You visited 1 branch of the dungeon, and saw 3 of its levels.

You collected 75 gold pieces.

Inventory:

Hand Weapons
 e - a +0 long sword
 g - a +0 dagger of speed (weapon)
Armour
 a - a cursed +0 robe (worn)
Jewellery
 j - an uncursed amulet of faith
 m - a ring of resist corrosion (left hand)
Scrolls
 d - a scroll of enchant armour {unknown}
 i - a scroll of random uselessness {unknown}
 l - a scroll of fog {unknown}
 n - a scroll of blinking {unknown}
Potions
 f - 2 potions of curing {unknown}
 h - a potion of heal wounds {unknown}
 k - a potion of berserk rage {unknown}
Books
 b - a book of Air

   Spells                             Type                      Level
   a - Shock                          Conjuration/Air              1
   b - Swiftness                      Charms/Air                   2
   c - Static Discharge               Conjuration/Air              3
   d - Airstrike                      Air                          4
   e - Lightning Bolt                 Conjuration/Air              5
Comestibles
 c - 4 rations
 o - 3 chunks of flesh


   Skills:
 - Level 2.1 Dodging
 - Level 2.0 Stealth
 + Level 2.8 Spellcasting
 + Level 3.2 Conjurations
 + Level 5.1 Air Magic


You had 2 spell levels left.
You knew the following spells:

 Your Spells              Type           Power        Failure   Level  Hunger
a - Shock                 Conj/Air       ###.         3%          1    #......
b - Swiftness             Chrm/Air       ##......     10%         2    ##.....
c - Static Discharge      Conj/Air       ###.....     10%         3    ###....


Dungeon Overview and Level Annotations

Branches:
Dungeon (3/15)

Altars:
Ashenzari
Dithmenos


Innate Abilities, Weirdness & Mutations

You have a beak for a mouth.
You have claws for feet.


Message History

The lightning grounds out.
Casting: Static Discharge
Confirm with . or Enter, or press ? or * to list all spells.
You miscast Static Discharge.
You are very lightly contaminated with residual magic.
You are momentarily dazzled by a flash of light!
The worm bites you!
Casting: Static Discharge
Confirm with . or Enter, or press ? or * to list all spells.
The worm is struck by lightning.
The worm is severely wounded.
The lightning arcs!
You are struck by lightning.
The lightning grounds out.
You are feeling hungry.
The worm bites you!
* * * LOW HITPOINT WARNING * * *
You climb upwards.
There is a stone staircase leading down here.
Unknown command.
The worm bites you!
You die...

############ #..........#
#.#<.......# ####
#.############# ...#
########.............###
...#####.....#######...#......#
.............#######........#.#
#.####.^........w>##.....####.#
....##..........@.......(# #†#
.....#...................####.#
.....#........................#
._................#.....#.#####
.....#.#####......#..##...######
.....#.....#...................#
....##.....#####...............#
#.####.....# #...............#
..........######...............#


You could see a worm.

Vanquished Creatures
  2 adders (D:2)
  An ooze (D:1)
  An adder zombie (D:2)
  A dart slug (D:2)
  A leopard gecko (D:1)
  A ball python (D:2)
  A bat skeleton (D:2)
  4 giant cockroaches
  2 goblins
  7 hobgoblins
  3 jackals
  8 kobolds
  A quokka (D:2)
  5 bats
  4 frilled lizards
  A jackal skeleton (D:2)
  A leopard gecko zombie (D:2)
  A quokka skeleton (D:2)
  3 rats
48 creatures vanquished.

Notes
Turn   | Place    | Note
-------+----------+-------------------------------------------
     0 | D:1      | sking99 the Tengu Air Elementalist began the quest for the Orb.
     0 | D:1      | Reached XP level 1. HP: 10/10 MP: 4/4
   241 | D:1      | Reached XP level 2. HP: 15/15 MP: 0/6
  1089 | D:1      | Reached XP level 3. HP: 19/19 MP: 3/7
  1371 | D:2      | Learned a level 2 spell: Swiftness
  1375 | D:2      | Learned a level 3 spell: Static Discharge
  1595 | D:2      | Found a shattered altar of Ashenzari.
  1605 | D:2      | Became a worshipper of Ashenzari the Shackled
  1845 | D:2      | Reached XP level 4. HP: 24/24 MP: 5/9
  2019 | D:2      | Reached skill level 5 in Air Magic
  2249 | D:2      | Found a shadowy altar of Dithmenos.
  2803 | D:2      | Slain by a worm

Skill      XL: |  1  2  3  4 |
---------------+-------------+-----
Conjurations   | 2 3 |  3.2
Air Magic      | 5 |  5.1
Dodging        | |  2.1
Stealth        | |  2.0
Spellcasting   | |  2.8

Action                   |  1- 3 |  4- 6 || total
-------------------------+-------+-------++-------
Melee: Unarmed           |     2 |       ||     2
       Kick              |     1 |     3 ||     4
       Long sword        |       |     3 ||     3
 Cast: Shock             |    68 |    35 ||   103
       Swiftness         |     1 |       ||     1
       Static Discharge  |       |     6 ||     6
Invok: Curse Item        |     1 |       ||     1
  Eat: Chunk             |     4 |     3 ||     7
Armor: Robe              |       |     3 ||     3
Dodge: Dodged            |     8 |    33 ||    41
       Rpst.: Long sword |       |     8 ||     8
